 Dungeon Crawl Stone Soup version 0.17-a0-1984-g55f5988 (webtiles) character file.

48 Banto the Insei (level 3, -2/31 HPs)
             Began as a Naga Transmuter on Oct 6, 2015.
             Slain by an iguana (8 damage)
             ... on level 2 of the Dungeon.
             The game lasted 00:06:06 (1842 turns).

Banto the Insei (Naga Transmuter)                   Turns: 1842, Time: 00:06:06

Health: -2/31      AC:  2    Str: 12    XL:     3   Next: 72%
Magic:  2/6        EV: 10    Int: 16    God:
Gold:   72         SH:  0    Dex: 12    Spells: 2 memorised, 3 levels left

rFire  . . .     SeeInvis +       - Unarmed
rCold  . . .     Clarity  .     b - +0 robe
rNeg   . . .     SustAt   .     (no shield)
rPois  +         Gourm    .     (no helmet)
rElec  .         Spirit   .     (no cloak)
rCorr  .         Warding  .     (no gloves)
rMut   .         Stasis   .     (no barding)
MR     .....                    (no amulet)
Stlth  +.........               (no ring)
                                h - +3 ring of intelligence

@: very slow, not resistant to hostile enchantments, very unstealthy
A: see invisible, deformed body, poison resistance, slowness 2, slow metabolism
1, spit poison 2, AC +1
a: Spit Poison


You were on level 2 of the Dungeon.
You were very hungry.

You visited 1 branch of the dungeon, and saw 2 of its levels.

You collected 72 gold pieces.

Inventory:

Missiles
 a - 18 arrows
 i - 5 tomahawks (quivered)
Armour
 b - a +0 robe (worn)
Jewellery
 h - a +3 ring of intelligence (left hand)
Potions
 f - a potion of cancellation
Books
 c - a book of Changes

   Spells                             Type                      Level
   a - Beastly Appendage              Transmutation                1
   b - Sticks to Snakes               Transmutation                2
   c - Spider Form                    Transmutation/Poison         3
   d - Ice Form                       Ice/Transmutation            4
   e - Blade Hands                    Transmutation                5
Miscellaneous
 e - a plain deck of changes {drawn: 2}
Comestibles
 d - a bread ration
 j - a meat ration


   Skills:
 - Level 1.0 Fighting
 - Level 1.5 Dodging
 + Level 3.8 Unarmed Combat
 - Level 2.0 Spellcasting
 + Level 3.1 Transmutations


You had 3 spell levels left.
You knew the following spells:

 Your Spells              Type           Power        Failure   Level  Hunger
a - Beastly Appendage     Trmt           ##....       8%          1    #......
b - Sticks to Snakes      Trmt           ##........   10%         2    ###....


Dungeon Overview and Level Annotations

Branches:
Dungeon (2/15)

Altars:
Nemelex Xobeh

Annotations:
D:2 Sigmund


Innate Abilities, Weirdness & Mutations

You cannot wear boots.
Your serpentine skin is tough (AC +1).
You have supernaturally acute eyesight.
Armour fits poorly on your strangely shaped body.
Your system is resistant to poisons.
You cover ground very slowly.
You have a slow metabolism.
You can spit poison.


Message History

Confirm with . or Enter, or press ? or * to list all spells.
You create a snake!
The iguana bites you!
You are now empty-handed.
You hit the iguana.
The iguana is moderately wounded.
The iguana bites you!
* * * LOW HITPOINT WARNING * * *
You hit the iguana.
The iguana is moderately wounded.
The iguana barely misses you.
You punch the iguana!
The iguana is severely wounded.
Your ball python closely misses the iguana.
Your ball python grabs the iguana.
Your ball python constricts the iguana.
The iguana barely misses your ball python.
You hit the iguana.
The iguana is almost dead.
Your ball python bites the iguana but does no damage.
Your ball python constricts the iguana.
The iguana bites you!
You die...

#...................
##........##..#####..
###########.## #..
#.# #.. #.# ..#
####.# #..# #...(#
S.. #.#####l#.##.#
#.....@S.....#
########..#...S.#####
..........#.....#
..........#.....#
..........#######
###########


You could see an iguana, an adder and 2 friendly ball pythons.

Vanquished Creatures
  3 adders (D:2)
  A bat (D:2)
  2 giant cockroaches (D:1)
  A goblin (D:1)
  6 hobgoblins
  A ball python (D:1)
  A giant newt (D:1)
  3 kobolds
  2 rats (D:1)
20 creatures vanquished.

Notes
Turn   | Place    | Note
--------------------------------------------------------------
     0 | D:1      | Banto the Naga Transmuter began the quest for the Orb.
     0 | D:1      | Reached XP level 1. HP: 18/18 MP: 3/3
    13 | D:1      | Found a sparkling altar of Nemelex Xobeh.
   350 | D:1      | Reached XP level 2. HP: 23/25 MP: 5/5
   849 | D:2      | Learned a level 2 spell: Sticks to Snakes
   870 | D:2      | Noticed Sigmund
  1303 | D:2      | Reached XP level 3. HP: 12/31 MP: 6/6
  1607 | D:2      | HP: 1/31 [adder (4)]
  1842 | D:2      | Slain by an iguana

Vault maps used:
D:1:      dpeg_arrival_rooms_c, nemelex_deck
D:2:      uniq_sigmund

Action                   || total
-------------------------++-------
Melee: Unarmed           ||    94
 Cast: Beastly Appendage ||     7
       Sticks to Snakes  ||     2
Evoke: Deck              ||     2
  Use: Scroll            ||     6
       Potion            ||     3
  Eat: Chunk             ||     1
